 Dungeon Crawl Stone Soup version 0.29.1-2-gbd0b4ee654 (webtiles) character file.

Game seed: 11757654650035090395

99 xian the Conjurer (level 4, -1/30 HPs)
             Began as a Demonspawn Conjurer on Nov 27, 2022.
             Was an Initiate of Ashenzari.
             Hit by a stone thrown by a hobgoblin (5 damage)
             ... on level 2 of the Dungeon.
             The game lasted 00:03:24 (2288 turns).

xian the Conjurer (Demonspawn Conjurer)             Turns: 2288, Time: 00:03:25

Health: -1/30      AC:  2    Str:  8    XL:     4   Next: 45%
Magic:  2/7        EV: 12    Int: 21    God:    Ashenzari [......]
Gold:   139        SH:  0    Dex: 11    Spells: 4/7 levels left

rFire   + . .      SeeInvis .   j - +2 dagger (venom)
rCold   . . .      Faith    .   (no shield)
rNeg    . . .      Spirit   .   a - +0 robe
rPois   .          Reflect  .   (no helmet)
rElec   .          Harm     .   (no cloak)
rCorr   .          Rampage  .   (no gloves)
Will    .....                   (no boots)
Stlth   ++........              (no amulet)
HPRegen 0.10/turn               c - ring of protection from fire
MPRegen 0.10/turn               (no ring)

@: no status effects
A: claws 1, foul stench 1
a: Renounce Religion


You were on level 2 of the Dungeon.
You worshipped Ashenzari.
Ashenzari was noncommittal.
You visited 1 branch of the dungeon, and saw 2 of its levels.

You collected 139 gold pieces.

Inventory:

Hand Weapons
 j - a +2 dagger of venom (weapon)
Armour
 a - a +0 robe (worn)
Jewellery
 c - a ring of protection from fire (left claw)
Scrolls
 g - a scroll of fear {unknown}
 h - a scroll of immolation {unknown}
 k - a scroll of magic mapping {unknown}
 m - a scroll of identify {unknown}
Potions
 b - a potion of magic
 d - 2 potions of flight {unknown}
 e - a potion of resistance {unknown}
 f - 2 potions of heal wounds {unknown}
 i - a potion of cancellation {unknown}
 l - a potion of curing {unknown}


   Skills:
 + Level 0.1 Fighting
 + Level 0.3 Maces & Flails
 + Level 2.1 Dodging
 + Level 2.1 Stealth
 + Level 2.4 Spellcasting
 + Level 5.3 Conjurations


You had 4 spell levels left.
You knew the following spells:

 Your Spells              Type           Power      Damage    Failure   Level
a - Magic Dart            Conj           100%       1d8       1%          1
b - Searing Ray           Conj           50%        2d6       2%          2

Your spell library contained the following spells:

 Spells                   Type           Power      Damage    Failure   Level
 Beastly Appendage        Tmut           4%         N/A       14%         1
 Dazzling Flash           Conj/Hex       26%        N/A       14%         3
 Wereblood                Tmut           2%         N/A       22%         2
 Spider Form              Tmut/Pois      2%         N/A       38%         3
 Fulminant Prism          Conj/Hex       6%         3d7       43%         4
 Iskenderun's Mystic Bla  Conj/Tloc      13%        2d5       43%         4


Dungeon Overview and Level Annotations

Branches:
Dungeon (2/15)

Altars:
Ashenzari


Innate Abilities, Weirdness & Mutations

You have sharp fingernails.
You may rarely emit foul miasma when damaged in melee.


Message History

You miscast Searing Ray.
You are very lightly contaminated with residual magic.
Nothing appears to happen.
The gnoll hits you from afar with a +0 halberd!
The gnoll barely misses you.
You closely miss the gnoll.
The gnoll is severely wounded.
The gnoll closely misses you.
You hit the gnoll.
The gnoll is almost dead.
The gnoll hits you with a +0 halberd!
* * * LOW HITPOINT WARNING * * *
You barely miss the gnoll.
The gnoll is almost dead.
The gnoll barely misses you.
Casting: Searing Ray (safe; 2% risk of failure)
Confirm with . or Enter, or press ? or * to list all spells.
Aiming: Magic Dart (safe; 1% risk of failure)
Press: ? - help, Shift-Dir - straight line, f/p - gnoll
Aim: a gnoll, wielding a +0 halberd (almost dead, 100% to hit)
The magic dart hits the gnoll.
The gnoll is almost dead.
The gnoll barely misses you.
Unknown command.
You hit the gnoll.
You kill the gnoll!
Your magical contamination has completely faded away.
You hit the rat.
You kill the rat!
Things that are here:
a +0 halberd; a rat corpse A hobgoblin comes into view.
The hobgoblin shouts!
The hobgoblin throws a stone.
The stone hits you.
* * * LOW HITPOINT WARNING * * *
Casting: Magic Dart (safe; 1% risk of failure)
Confirm with . or Enter, or press ? or * to list all spells.
Okay, then.
The hobgoblin throws a stone.
The stone hits you.
You die...

...........##.#
#
....####....#.#
+ #....##....#
# ..g....#...##
......#)#...#
#....#..#...#
#..#....#..#
#)....#.##
#!...@#.#
#..#....#.#
#....#..#.
......#.#.#
.......#..#
....## .## ####
..


You could see a hobgoblin.

Vanquished Creatures
  2 adders (D:2)
  5 gnolls
  2 dart slugs (D:1)
  4 ball pythons
  2 bats (D:1)
  An endoplasm (D:1)
  2 giant cockroaches
  A goblin (D:2)
  3 hobgoblins
  A quokka (D:2)
  2 frilled lizards
  4 kobolds
  4 rats
33 creatures vanquished.

Vanquished Creatures (others)
  A plant (D:1)
1 creature vanquished.

Grand Total: 34 creatures vanquished

Notes
Turn   | Place    | Note
-------+----------+-------------------------------------------
     0 | D:1      | xian the Demonspawn Conjurer began the quest for the Orb.
     0 | D:1      | Reached XP level 1. HP: 13/13 MP: 3/3
   337 | D:1      | Gained mutation: You have sharp fingernails. [demonic
                  | ancestry]
   337 | D:1      | Reached XP level 2. HP: 19/19 MP: 0/5
   340 | D:1      | Learned a level 2 spell: Searing Ray
   401 | D:1      | Found a faded altar of an unknown god.
  1151 | D:2      | Reached XP level 3. HP: 24/24 MP: 3/6
  1798 | D:2      | Found a broken altar of Ashenzari.
  1804 | D:2      | Reached skill level 5 in Conjurations
  1879 | D:2      | Gained mutation: You may rarely emit foul miasma when
                  | damaged in melee. [demonic ancestry]
  1879 | D:2      | Reached XP level 4. HP: 30/30 MP: 1/7
  1896 | D:2      | Became a worshipper of Ashenzari the Shackled
  2288 | D:2      | Hit by a stone thrown by a hobgoblin

Illustrated notes

Levels and vault maps discovered:
D:1:      giann_bridges, layout_basic, dreamdust_ecumenical_altar_grove,
          roderic_serpentine_path, minivault_19
D:2:      layout_loops_corners, basic_altar, minmay_circled_x

Skill      XL: |  1  2  3 |
---------------+----------+-----
Dodging        | 2 |  2.1
Conjurations   | 5 |  5.3
Stealth        | 2 |  2.1
Fighting       | |  0.1
Maces & Flails | |  0.3
Spellcasting   | |  2.4

Action                   |  1- 3 |  4- 6 || total
-------------------------+-------+-------++-------
Melee: Whip              |    13 |       ||    13
       Mace              |     1 |       ||     1
       Dagger            |       |     5 ||     5
 Cast: Magic Dart        |    42 |    12 ||    54
       Searing Ray       |     6 |       ||     6
Armor: Robe              |     5 |       ||     5
Dodge: Dodged            |    10 |     4 ||    14
